 Dungeon Crawl Stone Soup version 0.32-a0-673-g3729bd50f8 (webtiles) character file.

Game seed: 13425673597292869481

1632344 Sergey the Sensei (level 27, 159/159 HPs)
             Began as a Vine Stalker Fire Elementalist on Mar 10, 2024.
             Was an Elder of Cheibriados.
             Escaped with the Orb
             ... and 3 runes!
             The game lasted 03:13:06 (70549 turns).

Sergey the Sensei (Vine Stalker Fire Elementalist) Turns: 70549, Time: 03:13:07

Health: 159/159    AC: 33    Str: 24    XL:     27
Magic:  49/53      EV: 33    Int: 31    God:    Cheibriados [****..]
Gold:   7268       SH: 22    Dex: 38    Spells: 12/58 levels left

rFire   + +          .
                       - Unarmed
rCold   + . .        l - +5 kite shield {rC+ rF+}
rNeg    + + +        N - melded +0 steam dragon scales
rPois   ∞            T - +2 helmet {SInv}
rElec   +            S - +2 cloak {rCorr}
rCorr   +            u - melded +2 pair of gloves
SInv    +            x - melded +2 pair of boots
Will    ++++.        V - amulet of Yendor {Regen+ Slay+3}
Stlth   ++           F - ring "Woafory" {Fly rElec rF+ Str+2 Int+3}
HPRegen 2.06/turn    y - ring "Qitriug" {*Corrode rN+++ Will+ MP+9 Dex+3, =R}
MPRegen 0.33/turn

%: corrode self (3%), guardian spirit
@: statue-form, flying, very slow
A: slow and powerful, torment resistance 1, boosted hp, fangs 3, regeneration 1,
magic shield, antimagic bite, no potion heal 2, (iridescent scales 1), agile 1,
dopey 1, frail 1, persistent drain
0: Orb of Zot
}: 3/15 runes: serpentine, barnacled, silver
a: Begin Untransformation, Renounce Religion, Bend Time, Temporal Distortion,
Slouch


You escaped.
You worshipped Cheibriados.
Cheibriados was greatly pleased with you.
You were a living statue of rough stone.
You visited 10 branches of the dungeon, and saw 48 of its levels.
You also visited: Gauntlet, Ice Cave and Desolation.

You collected 10215 gold pieces.
You spent 2947 gold pieces at shops.

Inventory:

Hand Weapons
 e - a +9 vampiric dagger
Missiles
 q - 2 curare-tipped darts
 M - 4 throwing nets
Armour
 l - a +5 kite shield of resistance (worn)
 u - a +2 pair of gloves (melded)
 w - the +2 cloak of Joy {*Corrode rPois Dex+6}
   (You found it on level 1 of the Depths)

   Dex+6:     It affects your dexterity (+6).
   rPois:     It protects you from poison.
   *Corrode:  It may corrode you when you take damage.
 x - a +2 pair of boots (melded)
 N - +0 steam dragon scales (melded)
 S - a +2 cloak of preservation (worn)
 T - a +2 helmet of see invisible (worn)
Jewellery
 a - a ring of resist corrosion
 f - the ring of Toczim {Will+ Str+3 Int+3 Slay+3 SInv}
   (You took it off a ragged hierophant in the Desolation of Salt)

   [ring of see invisible]

   Str+3:     It affects your strength (+3).
   Int+3:     It affects your intelligence (+3).
   Slay+3:    It affects your accuracy & damage with ranged weapons and melee
   (+3).
   Will+:     It increases your willpower.
   SInv:      It lets you see invisible.
 g - the ring "Tysycs" {rPois EV+5 Str+3}
   (You found it in an ice cave)

   [ring of evasion]

   EV+5:      It affects your evasion (+5).
   Str+3:     It affects your strength (+3).
   rPois:     It protects you from poison.
 y - the ring "Qitriug" (right fist) {*Corrode rN+++ Will+ MP+9 Dex+3, =R}
   (You found it on level 4 of the Dungeon)

   [ring of magical power]

   Dex+3:     It affects your dexterity (+3).
   rN+++:     It renders you almost immune to negative energy.
   Will+:     It increases your willpower.
   MP+9:      It affects your magic capacity (+9).
   *Corrode:  It may corrode you when you take damage.
 F - the ring "Woafory" (left fist) {Fly rElec rF+ Str+2 Int+3}
   (You found it on level 14 of the Dungeon)

   [ring of protection from fire]

   Str+2:     It affects your strength (+2).
   Int+3:     It affects your intelligence (+3).
   rF+:       It protects you from fire.
   rElec:     It insulates you from electricity.
   Fly:       It grants you flight.
 G - a ring of fire
 H - an amulet of magic regeneration
 J - a ring of see invisible
 V - the amulet of Yendor (around neck) {Regen+ Slay+3}
   (You took it off a ragged hierophant in the Desolation of Salt)

   [amulet of regeneration]

   Slay+3:    It affects your accuracy & damage with ranged weapons and melee
   (+3).
   Regen+:    It increases your rate of health regeneration.
Talismans
 n - a granite talisman (active)
Wands
 c - a wand of quicksilver (11)
 i - a wand of warping (41)
 t - a wand of charming (41)
 v - a wand of digging (10)
 L - a wand of mindburst (15)
Scrolls
 d - 18 scrolls of teleportation {@r3}
 h - 5 scrolls of silence {!r}
 j - 2 scrolls of immolation
 m - 9 scrolls of amnesia
 r - 27 scrolls of identify {@r1}
 s - 8 scrolls of vulnerability {!r}
 D - 4 scrolls of blinking {@r4}
 W - 2 scrolls of fear
 Y - 2 scrolls of butterflies
 Z - 3 scrolls of fog {@r2}
Potions
 b - 7 potions of magic
 k - 4 potions of invisibility
 o - 2 potions of brilliance
 p - a potion of resistance
 z - 7 potions of enlightenment
 B - 3 potions of mutation
 I - 3 potions of cancellation
 K - 2 potions of might {@q3}
 P - 4 potions of lignification
 Q - a potion of ambrosia
 X - 17 potions of curing {@q2}
Miscellaneous
 A - a phial of floods
 C - a box of beasts (inert)
 E - a phantom mirror (inert)
 R - a lightning rod (4/4)


   Skills:
 - Level 12.0 Fighting
 - Level 6.0 Short Blades
 - Level 6.0 Armour
 - Level 15.0 Dodging
 - Level 10.0 Stealth
 - Level 12.0 Shields
 + Level 21.1 Unarmed Combat
 - Level 16.0 Spellcasting
 - Level 8.0 Conjurations
 - Level 2.0 Hexes
 - Level 4.0 Translocations
 - Level 18.0 Fire Magic
 - Level 5.0 Air Magic
 - Level 8.0 Earth Magic
 - Level 6.0 Alchemy
 - Level 12.0 Invocations
 - Level 6.0 Evocations
 - Level 16.0 Shapeshifting


You had 12 spell levels left.
You knew the following spells:

 Your Spells              Type           Power      Damage    Failure   Level
a - Bombard               Conj/Erth      32%        9d6       16%         6
c - Lee's Rapid Deconstr  Erth           32%        3d17*     3%          5
d - Vhi's Electric Charg  Tloc/Air       100%       N/A       4%          4
e - Blink                 Tloc           98%        N/A       1%          2
f - Lesser Beckoning      Tloc           98%        N/A       1%          2
j - Apportation           Tloc           98%        N/A       1%          1
l - Passage of Golubria   Tloc           49%        N/A       5%          4
m - Ignition              Fire           47%        3d13      12%         8
n - Starburst             Conj/Fire      40%        6d12      1%          6
r - Irradiate             Conj/Alch      31%        3d22      4%          5
z - Stone Arrow           Conj/Erth      100%       3d13      1%          3

Your spell library contained the following spells:

 Spells                   Type           Power      Damage    Failure   Level
 Foxfire                  Conj/Fire      100%       2x1d9     0%          1
 Scorch                   Fire           100%       2d9       0%          2
 Slow                     Hex            100%       N/A       1%          1
 Sting                    Conj/Alch      100%       1d9       1%          1
 Cigotuvi's Dreadful Rot  Necr/Alch/Air  94%        N/A       1%          2
 Jinxbite                 Hex            74%        N/A       1%          2
 Mercury Vapours          Alch/Air       100%       N/A       1%          2
 Momentum Strike          Conj/Tloc      100%       3d10      1%          2
 Searing Ray              Conj           100%       2d8       1%          2
 Static Discharge         Conj/Air       100%       3-8/arc   1%          2
 Dazzling Flash           Conj/Hex       100%       N/A       1%          3
 Hailstorm                Conj/Ice       49%        3d10      1%          3
 Inner Flame              Hex/Fire       72%        N/A       1%          3
 Mephitic Cloud           Conj/Alch/Air  59%        N/A       1%          3
 Swiftness                Air            54%        N/A       1%          3
 Volatile Blastmotes      Fire/Tloc      100%       2d18      1%          3
 Brom's Barrelling Bould  Conj/Erth      65%        2d8       1%          4
 Flame Wave               Conj/Fire      81%        2d18      1%          4
 Ignite Poison            Fire/Alch      78%        N/A       1%          4
 Leda's Liquefaction      Alch/Erth      31%        N/A       1%          4
 Petrify                  Alch/Erth      62%        N/A       1%          4
 Summon Blazeheart Golem  Fire/Summ      69%        N/A       1%          4
 Fireball                 Conj/Fire      40%        3d16      1%          5
 Freeze                   Ice            96%        1d10      2%          1
 Necrotise                Necr           96%        1d8       2%          1
 Summon Small Mammal      Summ           96%        N/A       2%          1
 Iskenderun's Mystic Bla  Conj/Tloc      58%        2d12      2%          4
 Olgreb's Toxic Radiance  Alch           58%        N/A       2%          4
 Confusing Touch          Hex            37%        N/A       3%          3
 Sigil of Binding         Hex            37%        N/A       3%          3
 Tukima's Dance           Hex            37%        N/A       3%          3
 Airstrike                Air            27%        2d(4-20)  3%          4
 Iskenderun's Battlesphe  Conj           65%        2d11      3%          5
 Plasma Beam              Fire/Air       38%        2x1d52    3%          6
 Call Imp                 Summ           48%        N/A       4%          2
 Animate Armour           Summ/Erth      98%        N/A       5%          4
 Arcjolt                  Conj/Air       30%        1d40      5%          5
 Alistair's Intoxication  Alch           38%        N/A       7%          5
 Frozen Ramparts          Ice            48%        1d8       9%          3
 Summon Ice Beast         Ice/Summ       24%        N/A       9%          3
 Vampiric Draining        Necr           24%        2d7       9%          3
 Dimensional Bullseye     Hex/Tloc       21%        N/A       9%          4
 Summon Lightning Spire   Summ/Air       40%        N/A       10%         4
 Cause Fear               Hex            18%        N/A       12%         4
 Freezing Cloud           Conj/Ice/Air   25%        6-21      14%         5
 Borgnjor's Vile Clutch   Necr/Erth      24%        N/A       16%         5
 Silence                  Hex/Air        23%        N/A       19%         5
 Animate Dead             Necr           24%        N/A       28%         4
 Martyr's Knell           Necr/Summ      24%        N/A       28%         4
 Conjure Ball Lightning   Conj/Air       30%        3x3d10    30%         6
 Eringya's Noxious Bog    Alch           29%        4d6       36%         6
 Curse of Agony           Necr           24%        N/A       61%         5
 Orb of Destruction       Conj           32%        9d10      65%         7
 Sculpt Simulacrum        Ice/Alch       21%        N/A       77%         6
 Death Channel            Necr           12%        N/A       99%         6
 Spellforged Servitor     Conj/Summ      24%        N/A       99%         7
 Haunt                    Necr/Summ      12%        N/A       100%        7
 Ozocubu's Refrigeration  Ice            12%        4d10      100%        7
 Summon Hydra             Summ           12%        N/A       100%        7
 Discord                  Hex            18%        N/A       100%        8
 Infestation              Necr           12%        N/A       100%        8
 Lehudib's Crystal Spear  Conj/Erth      32%        10d8      100%        8
 Maxwell's Capacitive Co  Air            27%        ∞         100%        8
 Sublimation of Blood     Necr           Unusable   N/A       N/A         2

Dungeon Overview and Level Annotations

Branches:
Dungeon (15/15)            Temple (1/1) D:4            Lair (5/5) D:11
 Shoals (4/4) Lair:2        Snake (4/4) Lair:2        Slime (0/5) Lair:4
    Orc (2/2) D:9             Elf (3/3) Orc:2        Vaults (5/5) D:14
  Crypt (0/3) Vaults:3     Depths (4/4) D:15            Zot (5/5) Depths:4
  IceCv (visited)         Desolation (visited)      Gauntlet (visited)

Altars:
Ashenzari
Cheibriados
Dithmenos
Elyvilon
Fedhas
Gozag
Hepliaklqana
Kikubaaqudgha
Makhleb
Nemelex Xobeh
Okawaru
Qazlal
Ru
Sif Muna
Trog
Uskayaw
Vehumet
Wu Jian
Xom
Yredelemnul
Zin
The Shining One
Beogh
Jiyva

Shops:
D:6 ?   D:7 :   D:11 *   Orc:2 *(!!=   Elf:3 (   Shoals:1 (   Snake:1 ?
Snake:2 [   Vaults:4 [(

Portals:
Hell: Depths:1 Depths:2 Depths:3 Depths:4
Abyss: Depths:3
Pandemonium: Depths:2 Depths:4
Ziggurat: Depths:1

Annotations:
D:10 2 transporters, exclusions: acid dragon, door, 2 downstairs and gnoll sergeant
D:13 exclusion: 2 orange crystal statues
D:14 exclusion: door
Lair:3 Gastronok
Lair:4 exclusion: 2 downstairs
Lair:5 6 exclusions
Snake:1 Agnes
Snake:3 3 runed translucent doors, exclusion: obsidian statue, Utowum's ghost, adept GnCj
Orc:1 exclusion: downstairs
Elf:2 3 runed translucent doors
Elf:3 1 runed translucent door, starts1789's ghost, adept DrHu
Depths:1 1 runed translucent door, Kuligiro's ghost, veteran DsWn


Innate Abilities, Weirdness & Mutations

You are a living statue of rough stone.
Your actions are slow, but your melee attacks are powerful.
You are resistant to unholy torment.
Your maximum health is greatly increased.
Your equipment is partially melded.
You are immune to poison.
You have razor-sharp teeth.
Your natural rate of healing is unusually fast.
When hurt, damage is shared between your health and your magic reserves.
Your bite disrupts and absorbs the magic of your enemies.
Potions cannot restore your health.
((You are partially covered in iridescent scales. (AC +2)))
You are agile. (Dex +4, Str/Int -1)
You are dopey. (Int -2)
You are frail. (-10% HP)
Your health recovers twice as slowly from being drained.


Message History

The cacodemon is moderately wounded.
An orange demon comes into view.
Casting: Ignition (dangerous; 13% risk of failure)
Confirm with . or Enter, or press ? or * to list all spells.
Casting: Ignition (dangerous; 13% risk of failure)
Press: ? - help, Dir - look around, f - activate The air bursts into flame!
The fireball engulfs the cacodemon!!
The cacodemon is heavily wounded.
The fireball engulfs the orange demon!!
You kill the orange demon!
Cheibriados appreciates the change of pace.
Cheibriados raises the support of your attributes as your movement slows.
The fireball engulfs the orange demon!!
The orange demon is almost dead.
The fireball engulfs the orange demon!!
You kill the orange demon!
Cheibriados appreciates the change of pace.
The fireball engulfs the orange demon!!
You kill the orange demon!
Cheibriados appreciates the change of pace.
The fireball engulfs the cacodemon!!
The cacodemon is severely wounded.
The fireball engulfs the cacodemon!
The cacodemon is almost dead.
The fireball engulfs the cacodemon!!
You kill the cacodemon!
Cheibriados appreciates the change of pace.
Your magical contamination has completely faded away.
There is a stone staircase leading up here.
You fly upwards.
There is a stone staircase leading down here.
There is a stone staircase leading up here.
You fly upwards.
There is a stone staircase leading down here.
There is a staircase leading out of the dungeon here.
Unknown command.
Unknown command.
Unknown command.
Unknown command.
You have escaped!

#####.###...........##.#
#......#...###.....###.#
#...###..########### #.#
#.............# #.#
#...♣♣♣♣♣♣♣♣♣.# #.#
#..♣..PP..PP♣.# #.#
#..♣...P..PP♣.# #.#
#..♣P...PP..♣.# ##.#
#..♣PP.I.P..♣.# ####..#
#..♣..P...PP♣.# #......
#..♣..PP)..P♣.## #.##.##
#..♣PP..P...♣..###.##.#
#####..♣PP..PP..♣......##.#
#......♣♣♣♣♣♣♣♣♣..####.##.#
#.##..............# #.##.#
##.########.########
#.##.## #..# #.# #.##...


There were no monsters in sight!

Vanquished Creatures
  4 orbs of fire
  4 dread liches
  An ancient lich (Zot:5)
  Sojobo (Depths:3)
  Boris (thrice) (Vaults:3 Depths:3 Vaults:5)
  7 Killer Klowns (Zot:5)
  Parghit (Depths:3)
  Saint Roka (Depths:1)
  Bai Suzhen (Snake:4)
  3 caustic shrikes
  2 curse toes (Zot:5)
  A pandemonium lord (Zot:2)
  7 golden dragons
  Nikola (Depths:2)
  Norris (Depths:3)
  A Tzitzimitl (D:13)
  3 electric golems
  7 tentacled monstrosities
  Mlioglotl (Snake:1)
  Rupert (Orc:2)
  3 deep elf blademasters (Elf:3)
  A Hell Sentinel (Zot:2)
  26 Orb Guardians (Zot:5)
  An Ice Fiend (D:11)
  7 liches
  Asterion (Depths:2)
  A walking earthen tome (Depths:3)
  A quicksilver dragon (Depths:4)
  4 walking frostbound tomes
  The ghost of Pohotif the Warrior, an adept MiFi of Okawaru (Depths:3)
  3 deep elf master archers (Elf:3)
  6 titans
  An ancient champion (Depths:3)
  6 sphinxes
  A kraken (Shoals:1)
  10 tengu reavers
  7 storm dragons
  8 shadow dragons
  Ilsuiw (Shoals:2)
  Roxanne (Shoals:1)
  Aizul (Snake:4)
  4 nagarajas
  Louise (D:15)
  A balrug (Depths:3)
  2 draconian knights (Zot:2)
  A draconian scorcher (Zot:2)
  2 draconian monks
  12 fire giants
  2 iron dragons
  7 deep elf elementalists
  4 draconian shifters (Zot:2)
  15 vault wardens
  9 frost giants
  5 imperial myrmidons (Desolation)
  A cacodemon (D:3)
  11 deep elf sorcerers
  3 draconian stormcallers
  14 ironbound preservers
  3 orc warlords
  2 reapers
  9 ironbound thunderhulks
  3 draconian annihilators
  3 spriggan defenders
  2 angels
  15 stone giants
  25 very ugly things
  7 green draconians
  5 vampire knights
  An apis (Shoals:3)
  6 deep elf demonologists
  A yellow draconian (Zot:2)
  8 deep elf death magi (Elf:3)
  9 deep elf annihilators
  3 lorocyprocas
  A halazid warlock (Desolation)
  A ghost moth (shapeshifter) (Vaults:5)
  A demonspawn black sun (Depths:1)
  5 spark wasps
  4 purple draconians
  2 black draconians
  5 red draconians
  5 white draconians
  5 war gargoyles
  12 ettins
  18 dire elephants
  2 crystal guardians
  6 merfolk javelineers
  14 yaktaur captains
  15 merfolk impalers
  Josephine (Lair:4)
  8 fire dragons
  An entropy weaver (Vaults:3)
  26 vault guards
  7 ragged hierophants (Desolation)
  12 deep elf high priests
  10 servants of whispers (Desolation)
  3 rakshasas
  4 great orbs of eyes
  5 hydras
  5 salamander tyrants
  6 peacekeepers
  4 ogre magi
  14 ice dragons
  5 spriggan air magi
  A merfolk avatar (Shoals:3)
  8 two-headed ogres
  4 catoblepae (Lair:5)
  4 anacondas
  10 centaur warriors
  3 hell beasts
  17 dancing weapons
  A death knight (D:13)
  An alligator snapping turtle (Shoals:4)
  5 ironbound frosthearts
  7 merfolk aquamancers (Shoals:4)
  2 boulder beetles
  19 death yaks
  2 satyrs
  6 tengu warriors
  A torpor snail (shapeshifter) (Depths:3)
  Urug (Lair:2)
  8 deep troll earth magi
  2 orc high priests
  9 deep troll shamans
  8 spriggan berserkers
  A titan zombie (Depths:1)
  13 deep elf knights
  2 sun demons
  6 shock serpents
  15 naga warriors
  11 hell knights
  3 occultists
  4 spriggans
  16 naga sharpshooters
  A shadow wraith (Vaults:5)
  2 salamander mystics
  2 soul eaters
  8 skysharks
  10 iron trolls
  51 deep trolls
  3 cherubim
  9 mana vipers
  18 sea snakes
  A shadow dragon zombie (Depths:1)
  8 naga ritualists
  A sun moth (shapeshifter) (Vaults:5)
  3 arcanists
  A glowing orange brain (Depths:3)
  2 harpies (shapeshifter)
  11 orc knights
  9 deep elf archers
  An orange crystal statue (IceCv)
  4 phantasmal warriors
  6 lindwurms
  A tengu zombie (Depths:1)
  6 necromancers
  A shadow demon (D:13)
  31 harpies
  2 thermic dynamos (Elf:3)
  17 ironbound convokers
  33 deep elf pyromancers
  27 deep elf zephyrmancers
  12 fauns
  36 ugly things
  16 manticores
  4 orc sorcerers
  A frost giant zombie (Depths:1)
  7 moths of wrath
  11 salamanders
  A tengu skeleton (Depths:1)
  A salamander (shapeshifter) (D:14)
  A wolf spider (Vaults:5)
  A faun (shapeshifter) (Depths:3)
  A steelbarb worm (shapeshifter) (Vaults:5)
  Maurice (Orc:2)
  6 cyclopes
  17 merfolk sirens
  A black mamba (shapeshifter) (Elf:3)
  5 kobold blastminers
  A meliai (shapeshifter) (Elf:2)
  5 guardian serpents
  A water nymph (shapeshifter) (Depths:4)
  13 cane toads
  47 black mambas
  16 naga magi
  An ice statue (Elf:2)
  2 smoke demons
  A frost giant skeleton (Depths:1)
  3 torpor snails (Lair:5)
  3 orange demons (D:3)
  A gargoyle (D:13)
  3 rime drakes
  2 water nymphs (Shoals:2)
  14 vault sentinels
  A hellion (D:4)
  4 tengu conjurers
  A yaktaur (shapeshifter) (D:13)
  3 kobold demonologists
  5 storm dragon simulacra (IceCv)
  2 unseen horrors
  6 golden dragon simulacra (IceCv)
  2 freezing wraiths
  5 komodo dragons
  22 yaktaurs
  A tormentor (Depths:2)
  An efreet (D:14)
  10 trolls
  4 hornets
  2 hellwings (Depths:3)
  3 polar bears
  24 merfolk
  8 wind drakes
  2 glass eyes
  A tengu simulacrum (Depths:1)
  18 dream sheep
  54 saltlings (Desolation)
  A frost giant simulacrum (Depths:1)
  An iron dragon simulacrum (Depths:1)
  10 blink frogs
  4 snapping turtles
  2 centaur simulacra (D:12)
  6 water elementals
  A shadow (D:11)
  An air elemental (Elf:2)
  2 ynoxinuls
  8 wraiths
  A spriggan (shapeshifter) (D:15)
  8 wyverns
  6 fire elementals
  32 yaks
  A vampire (D:14)
  A wyvern (shapeshifter) (Elf:2)
  23 slime creatures
  2 fire bats (shapeshifter)
  3 redbacks (Vaults:3)
  Grum (D:8)
  6 vampire mosquitoes
  A basilisk (Lair:5)
  5 wargs
  2 steam dragons (D:8)
  A glowing shapeshifter zombie (Depths:1)
  59 nagas
  An acid dragon (D:11)
  13 water moccasins
  2 glowing shapeshifter skeletons (Depths:1)
  3 sky beasts
  3 black bears
  9 ice beasts
  53 orc warriors
  9 ice dragon simulacra (IceCv)
  4 laughing skulls
  3 spriggan simulacra (Depths:1)
  5 ogres
  16 wolves
  31 centaurs
  A phantom (Snake:1)
  3 kobold brigands
  17 bullfrogs
  2 earth elementals (Elf:1)
  A scorpion (D:7)
  16 wights
  A lindwurm simulacrum (IceCv)
  4 killer bees (D:8)
  10 electric eels
  2 howler monkeys
  4 hounds
  3 lava snakes (D:15)
  19 orc priests
  A bombardier beetle (D:6)
  5 jellies
  A sleepcap (D:5)
  A gnoll bouda (D:6)
  Jessica (D:2)
  5 iguanas
  21 orc wizards
  5 adders
  6 gnolls
  A shadow imp (D:5)
  5 white imps (D:12)
  2 ufetubi (D:7)
  5 dart slugs
  4 ribbon worms
  70 orcs
  4 bats
  4 endoplasms
  2 giant cockroaches (D:1)
  5 hobgoblins
  5 jackals (D:2)
  3 quokkas
  13 ball pythons
  A frilled lizard (D:2)
  5 goblins
  19 kobolds
  6 rats
  2 butterflies
  5 foxfires
  7 tentacles (Shoals:1)
2055 creatures vanquished.

Vanquished Creatures (collateral kills)
  An angel (Vaults:1)
  An ironbound thunderhulk (Vaults:3)
  A deep elf high priest (Vaults:3)
  2 necromancers
  A tengu conjurer (D:14)
  9 foxfires
15 creatures vanquished.

Vanquished Creatures (others)
  A pandemonium lord (D:11)
  A draconian scorcher (Zot:2)
  A purple draconian (Zot:2)
  A tengu warrior (D:14)
  A sun demon (Depths:3)
  An orc warrior (Orc:2)
  An orc (Orc:2)
  2243 foxfires
  A tentacle (Shoals:1)
2251 creatures vanquished.

Grand Total: 4321 creatures vanquished

Notes
Turn   | Place    | Note
-------+----------+-------------------------------------------
     0 | D:1      | Sergey the Vine Stalker Fire Elementalist began the quest
                  | for the Orb.
     0 | D:1      | Reached XP level 1. HP: 9/9 MP: 4/4
   284 | D:1      | Reached XP level 2. HP: 13/13 MP: 4/6
   305 | D:1      | Learned a level 2 spell: Scorch
   956 | D:1      | Reached XP level 3. HP: 16/16 MP: 5/8
  1652 | D:2      | Noticed Jessica
  1790 | D:3      | Reached XP level 4. HP: 21/21 MP: 6/9
  2208 | D:3      | Learned a level 3 spell: Inner Flame
  2461 | D:4      | Reached skill level 1 in Hexes
  2461 | D:4      | Reached XP level 5. HP: 24/24 MP: 3/10
  2529 | D:4      | Found a radiant altar of Vehumet.
  3150 | D:4      | Noticed a black bear
  3307 | D:4      | Found a staircase to the Ecumenical Temple.
  3313 | D:4      | Identified the ring "Qitriug" {*Corrode rN+++ Will+ MP+9
                  | Dex+3}
  3374 | Temple   | Entered the Ecumenical Temple
  3521 | D:4      | Killed a black bear
  3522 | D:4      | Reached XP level 6. HP: 28/28 MP: 11/11
  3564 | D:4      | Learned a level 4 spell: Flame Wave
  3955 | D:5      | Entered Level 5 of the Dungeon
  4621 | D:6      | Reached XP level 7. HP: 32/32 MP: 12/12
  4814 | D:6      | Reached skill level 5 in Conjurations
  4814 | D:6      | Reached skill level 5 in Fire Magic
  5029 | D:6      | Reached skill level 1 in Alchemy
  5029 | D:6      | Gained mutation: You have razor-sharp teeth. [Vine Stalker
                  | growth]
  5029 | D:6      | Reached XP level 8. HP: 36/36 MP: 13/13
  5312 | D:6      | Found Poipt's Magic Scroll Boutique.
  5316 | D:6      | Bought a scroll of teleportation for 33 gold pieces
  5316 | D:6      | Bought a scroll of fear for 44 gold pieces
  5316 | D:6      | Bought a scroll of blinking for 82 gold pieces
  5316 | D:6      | Bought a scroll of teleportation for 33 gold pieces
  5316 | D:6      | Bought a scroll of enchant armour for 82 gold pieces
  5316 | D:6      | Bought a scroll of enchant armour for 82 gold pieces
  5345 | D:6      | Found a sacrificial altar of Ru.
  5778 | Temple   | Became a worshipper of Cheibriados the Contemplative
  6212 | D:6      | Bought a scroll of identify for 22 gold pieces
  6298 | D:7      | Reached skill level 1 in Fighting
  6545 | D:7      | Found Xoorefoa's Tiny Tomes.
  6576 | D:7      | Found a broken altar of Ashenzari.
  6604 | D:7      | Reached XP level 9. HP: 41/41 MP: 16/16
  6870 | D:7      | Reached skill level 5 in Spellcasting
  7073 | D:6      | Bought a scroll of identify for 22 gold pieces
  7157 | D:7      | You fall into a shaft and drop 1 floor!
  7240 | D:8      | Reached * piety under Cheibriados
  7498 | D:8      | Reached skill level 5 in Stealth
  7749 | D:8      | Learned a level 3 spell: Stone Arrow
  7755 | D:8      | Learned a level 5 spell: Irradiate
  8561 | D:8      | Reached ** piety under Cheibriados
  8684 | D:8      | Noticed Grum
  8697 | D:8      | Killed Grum
  8698 | D:8      | Reached skill level 5 in Alchemy
  9026 | D:8      | Reached XP level 10. HP: 46/46 MP: 19/19
  9439 | D:7      | Bought Ujumix's Incunable of Shifting for 60 gold pieces
  9639 | D:9      | Learned a level 1 spell: Apportation
 10000 | D:9      | Found a staircase to the Orcish Mines.
 10008 | D:9      | Found a sparkling altar of Nemelex Xobeh.
 10931 | D:10     | Entered Level 10 of the Dungeon
 11102 | D:10     | Noticed a cyclops
 11102 | D:10     | Noticed a cyan ugly thing
 11102 | D:10     | Noticed a yaktaur captain
 11102 | D:10     | Noticed a catoblepas
 11534 | D:10     | Found a transporter.
 11598 | D:10     | Found a transporter.
 11599 | D:10     | Found the +5 Lochaber axe {reach-cleave, Poleaxe ^Drain}
 11603 | D:10     | Noticed a cane toad
 11603 | D:10     | Noticed a cane toad
 11636 | D:10     | Reached *** piety under Cheibriados
 12314 | D:11     | Noticed a deep elf pyromancer
 12317 | D:11     | Killed a deep elf pyromancer
 12318 | D:11     | Reached skill level 10 in Stealth
 12318 | D:11     | Reached skill level 1 in Evocations
 12498 | D:11     | Reached XP level 11. HP: 48/52 MP: 23/24
 12562 | D:11     | Noticed a manticore
 12978 | D:11     | Killed a manticore
 12979 | D:11     | Reached skill level 1 in Invocations
 13045 | D:11     | Noticed a cyclops
 13046 | D:11     | Killed a cyclops
 13308 | D:11     | Found Tiveucea's Neck Hole.
 13315 | D:11     | Bought a +0 cloak for 63 gold pieces
 13718 | D:11     | Noticed a centaur warrior
 13721 | D:11     | Killed a centaur warrior
 13722 | D:11     | Reached skill level 5 in Dodging
 13724 | D:11     | Reached **** piety under Cheibriados
 14616 | D:11     | Reached skill level 5 in Invocations
 14818 | D:11     | Found a staircase to the Lair.
 15004 | Lair:1   | Entered Level 1 of the Lair of Beasts
 15035 | Lair:1   | Reached skill level 1 in Armour
 15036 | Lair:1   | Reached XP level 12. HP: 56/56 MP: 9/25
 15410 | Lair:1   | Reached ***** piety under Cheibriados
 15738 | Lair:1   | Reached skill level 5 in Armour
 15901 | Lair:1   | You fall into a shaft and drop 1 floor!
 15901 | Lair:2   | Found a sacrificial altar of Ru.
 15932 | Lair:2   | Found a gate leading to a gauntlet.
 15941 | Gauntlet | Entered a Gauntlet
 15941 | Gauntlet | Found a transporter.
 15941 | Gauntlet | Found a transporter.
 15947 | Gauntlet | Found a transporter.
 15959 | Gauntlet | Found a transporter.
 15977 | Gauntlet | Found a transporter.
 15977 | Gauntlet | Found a transporter.
 15977 | Gauntlet | Found a transporter.
 15979 | Gauntlet | Found a transporter.
 15979 | Gauntlet | Found a transporter.
 15981 | Gauntlet | Noticed an entropy weaver
 15993 | Gauntlet | Found a transporter.
 16009 | Gauntlet | Found a transporter.
 16009 | Gauntlet | Noticed a green death
 16016 | Gauntlet | Noticed a quicksilver ooze
 16022 | Gauntlet | Found a transporter.
 16033 | Gauntlet | Found a transporter.
 16047 | Gauntlet | Noticed a death yak
 16048 | Gauntlet | Noticed a death yak
 16049 | Gauntlet | Noticed a death yak
 16053 | Gauntlet | Found a transporter.
 16054 | Gauntlet | Found the amulet of the Air {Inacc Air Fly rElec RMsl}
 16115 | Gauntlet | Noticed a death yak
 16116 | Gauntlet | Noticed a death yak
 16708 | Lair:2   | Noticed Urug
 16736 | Lair:2   | Noticed a six-headed hydra
 17200 | Lair:2   | Found a staircase to the Shoals.
 17217 | Lair:2   | Found a staircase to the Snake Pit.
 17858 | Lair:3   | Reached skill level 5 in Fighting
 18326 | Lair:3   | Reached skill level 1 in Earth Magic
 18389 | Lair:3   | Noticed a six-headed hydra
 18395 | Lair:3   | Killed a six-headed hydra
 18398 | Lair:3   | Noticed Gastronok
 18626 | Lair:3   | Noticed a death yak
 18723 | Lair:3   | Noticed a death yak
 18781 | Lair:3   | Noticed a death yak
 19015 | Lair:3   | Killed a death yak
 19015 | Lair:3   | Killed a death yak
 19016 | Lair:3   | Reached XP level 13. HP: 46/63 MP: 9/27
 19499 | Lair:4   | Found a viscous altar of Jiyva.
 19520 | Lair:4   | Found a staircase to the Slime Pits.
 20249 | Lair:4   | Noticed Josephine
 20283 | Lair:4   | Killed Josephine
 20296 | Lair:4   | Reached skill level 10 in Spellcasting
 21291 | Lair:5   | Entered Level 5 of the Lair of Beasts
 22747 | Lair:5   | Identified the +1 pair of gloves of the Iron City of Dis
                  | {Rampage Will+ Int+3}
 23398 | Lair:5   | Reached XP level 14. HP: 59/68 MP: 18/31
 25348 | Lair:5   | Reached skill level 1 in Short Blades
 25528 | Lair:5   | Identified the +0 arbalest "Ox" {antimagic, *Slow rElec
                  | Will+ Dex+2}
 25558 | Lair:5   | Identified the +7 morningstar of the Unliving {elec,
                  | ^Fragile rCorr MP+9 Dex-3}
 26040 | D:12     | Identified the +3 rapier "Qudyfar" {speed, rElec Str+5
                  | Int+3}
 27890 | D:13     | Learned a level 6 spell: Starburst
 28135 | D:13     | Reached skill level 5 in Evocations
 29062 | Orc:1    | Entered Level 1 of the Orcish Mines
 29068 | Orc:1    | Noticed an orc warlord
 29076 | Orc:1    | Reached XP level 15. HP: 75/75 MP: 17/32
 29077 | Orc:1    | Killed an orc warlord
 29148 | Orc:1    | Found a roughly hewn altar of Beogh.
 29397 | Orc:1    | Found a roughly hewn altar of Beogh.
 29728 | Orc:2    | Entered Level 2 of the Orcish Mines
 29767 | Orc:2    | Reached skill level 10 in Fire Magic
 29795 | Orc:2    | Noticed an orc warlord
 29805 | Orc:2    | Killed an orc warlord
 29870 | Orc:2    | Noticed Maurice
 29880 | Orc:2    | Killed Maurice
 30088 | D:11     | Bought a scarf of repulsion for 168 gold pieces
 30251 | Orc:2    | Noticed Rupert
 30474 | Orc:2    | Killed Rupert
 30865 | Orc:2    | Found a staircase to the Elven Halls.
 31027 | Orc:2    | Found Qaetiv's Assorted Antiques.
 31033 | Orc:2    | Bought a scroll of blinking for 187 gold pieces
 31033 | Orc:2    | Bought a fuming golden potion for 22 gold pieces
 31216 | Orc:2    | Found Gaidd's Distillery.
 31216 | Orc:2    | Found Duvov's Distillery.
 31218 | Orc:2    | Found Irphaja's Jewellery Emporium.
 31220 | Orc:2    | Found Uffycu's Weapon Boutique.
 31224 | Orc:2    | Bought a potion of magic for 120 gold pieces
 31224 | Orc:2    | Bought a potion of invisibility for 120 gold pieces
 31232 | Orc:2    | Bought a potion of berserk rage for 70 gold pieces
 31232 | Orc:2    | Bought a potion of mutation for 112 gold pieces
 31707 | D:13     | Learned a level 2 spell: Blink
 32007 | D:14     | Reached skill level 1 in Translocations
 32197 | D:14     | Found a gate to the Vaults.
 32677 | D:14     | Identified the ring "Woafory" {Fly rElec rF+ Str+2 Int+3}
 32934 | D:15     | Entered Level 15 of the Dungeon
 32992 | D:15     | Paralysed by something for 2 turns
 33286 | D:15     | Noticed Louise
 33299 | D:15     | Killed Louise
 33605 | D:15     | Reached XP level 16. HP: 81/81 MP: 31/33
 33943 | D:15     | Found a staircase to the Depths.
 34473 | Lair:2   | Killed Urug
 34880 | D:2      | Killed Jessica
 35160 | Snake:1  | Entered Level 1 of the Snake Pit
 35209 | Snake:1  | Found Piazxoet's Magic Scroll Shop.
 35218 | Snake:1  | Bought a scroll of butterflies for 68 gold pieces
 35218 | Snake:1  | Bought a scroll of enchant armour for 127 gold pieces
 35668 | Snake:1  | Noticed Mlioglotl
 35676 | Snake:1  | Killed Mlioglotl
 35720 | Snake:1  | Reached skill level 15 in Fire Magic
 35729 | Snake:1  | Learned a level 8 spell: Ignition
 35828 | Snake:1  | Identified the +1 robe of Insurance {Stlth+}
 35846 | Snake:1  | Reached ****** piety under Cheibriados
 35895 | Snake:1  | Identified the +1 scale mail of Arhiemimp {rC- Dex+4}
 36190 | Snake:1  | Noticed Agnes
 37163 | Snake:2  | Noticed a nagaraja
 37179 | Snake:2  | Killed a nagaraja
 37365 | Snake:2  | Reached XP level 17. HP: 79/85 MP: 31/34
 37436 | Snake:2  | Found Bapsaiwy's Armour Boutique.
 37828 | Snake:3  | Found a runed translucent gate.
 37828 | Snake:3  | Found a runed translucent gate.
 37828 | Snake:3  | Found a runed translucent gate.
 37830 | Snake:3  | Found an opulent altar of Gozag.
 37832 | Snake:3  | Noticed Utowum's ghost (adept GnCj)
 38226 | Snake:3  | Identified the +2 spear of Ecekyqy {venom, Int+2}
 38386 | Snake:3  | Found an iron altar of Okawaru.
 39016 | Snake:4  | Entered Level 4 of the Snake Pit
 39176 | Snake:4  | Identified the serpent talisman of Ignis's Pride {rN+ Will+
                  | rCorr SInv}
 39176 | Snake:4  | Noticed Aizul
 39179 | Snake:4  | Killed Aizul
 39444 | Snake:4  | Noticed Bai Suzhen
 39523 | Snake:4  | Reached skill level 5 in Short Blades
 39787 | Snake:4  | Reached skill level 1 in Shields
 39941 | Shoals:1 | Entered Level 1 of the Shoals
 40073 | Shoals:1 | Noticed Roxanne
 40309 | Shoals:1 | Reached XP level 18. HP: 92/92 MP: 9/35
 40390 | Shoals:1 | Found Xajiobam's Antique Weapon Emporium.
 40494 | Shoals:1 | Reached skill level 5 in Shields
 41092 | Shoals:1 | Found a hide-covered altar of Uskayaw.
 41422 | Shoals:2 | Noticed Ilsuiw
 41430 | Shoals:2 | Killed Ilsuiw
 41765 | Shoals:2 | You are sucked into a shaft and drop 1 floor!
 42589 | Shoals:3 | Identified the +3 ring mail "Wued" {rN++ Int-2}
 43065 | Shoals:4 | Entered Level 4 of the Shoals
 43141 | Shoals:3 | Reached skill level 10 in Shields
 43178 | Shoals:4 | Reached skill level 1 in Shapeshifting
 43497 | Shoals:4 | Found a glowing silver altar of Zin.
 43837 | Shoals:3 | Learned a level 2 spell: Lesser Beckoning
 43955 | Shoals:3 | Reached skill level 5 in Shapeshifting
 44240 | Shoals:4 | Reached XP level 19. HP: 96/96 MP: 36/36
 44258 | Shoals:4 | Found a glowing golden altar of the Shining One.
 44614 | Shoals:4 | Got a barnacled rune of Zot
 44932 | Shoals:4 | Found a white marble altar of Elyvilon.
 46281 | Elf:1    | Entered Level 1 of the Elven Halls
 46376 | Elf:1    | Learned a level 5 spell: Lee's Rapid Deconstruction
 46591 | Elf:1    | Reached skill level 5 in Earth Magic
 46769 | Elf:1    | Identified the +3 scale mail of the Exceptional God {-Cast
                  | rN++ Str+3 Dex+3}
 47421 | Elf:1    | Found a shimmering blue altar of Sif Muna.
 47429 | Elf:1    | Learned a level 4 spell: Vhi's Electric Charge
 47511 | Elf:1    | Got Neymot's Quarto of Arcane Weapons and the Entourage
 47736 | Elf:2    | Reached skill level 1 in Air Magic
 47988 | Elf:2    | Found a glacial archway.
 48011 | IceCv    | Entered an ice cave
 48079 | IceCv    | Reached skill level 5 in Air Magic
 48440 | IceCv    | Got Lojist's Atlas of the Dire Entourage
 48449 | IceCv    | Identified the +1 ring mail of Weirdness {Harm Rampage Fly
                  | Dex-2}
 48555 | IceCv    | Noticed a golden dragon
 48564 | IceCv    | Killed a golden dragon
 48634 | IceCv    | Identified the ring "Rotrujis" {rN+ Str+4 Stlth-}
 48637 | IceCv    | Identified the ring "Tysycs" {rPois EV+5 Str+3}
 48744 | Elf:2    | Identified the +4 chain mail of the Dwarven Hall {rElec
                  | Str+2}
 49027 | Elf:2    | Found a runed translucent gate.
 49028 | Elf:2    | Found a runed translucent gate.
 49028 | Elf:2    | Found a runed translucent gate.
 49378 | Elf:3    | Entered Level 3 of the Elven Halls
 49430 | Elf:3    | Found Egemn's Antique Weapon Emporium.
 49740 | Elf:3    | Found a runed translucent door.
 49743 | Elf:3    | Noticed starts1789's ghost (adept DrHu)
 49921 | Orc:2    | Bought a potion of mutation for 112 gold pieces
 49921 | Orc:2    | Bought a potion of cancellation for 112 gold pieces
 49921 | Orc:2    | Bought a potion of brilliance for 56 gold pieces
 49921 | Orc:2    | Bought a potion of cancellation for 112 gold pieces
 49921 | Orc:2    | Bought a potion of brilliance for 56 gold pieces
 49921 | Orc:2    | Bought a potion of enlightenment for 70 gold pieces
 49921 | Orc:2    | Bought a potion of lignification for 42 gold pieces
 49922 | Orc:2    | Bought a potion of ambrosia for 120 gold pieces
 49922 | Orc:2    | Bought a potion of might for 60 gold pieces
 49922 | Orc:2    | Bought a potion of enlightenment for 75 gold pieces
 49922 | Orc:2    | Bought a potion of brilliance for 60 gold pieces
 49948 | Orc:2    | Bought a scroll of revelation for 187 gold pieces
 50161 | Elf:3    | Reached XP level 20. HP: 101/101 MP: 35/37
 50280 | Elf:3    | Reached skill level 10 in Shapeshifting
 50740 | Elf:3    | Identified the +7 spear "Ytixiwah" {freeze, ^Fragile Str+5
                  | SInv}
 52041 | Elf:3    | Identified the +3 great sword of Ykewe {heavy, rElec rCorr}
 52408 | Shoals:1 | Killed Roxanne
 52986 | Elf:3    | Got the Textbook on Pyromania and Fog
 53164 | Elf:3    | Learned a level 6 spell: Bombard
 53280 | Elf:3    | Identified the staff of Fate {rElec rF+ Str+3 Dex-4 Fire}
 53872 | Vaults:1 | Entered Level 1 of the Vaults
 54075 | Vaults:1 | Found a white marble altar of Elyvilon.
 54075 | Vaults:1 | Found a glowing silver altar of Zin.
 54075 | Vaults:1 | Found a crumbling gateway.
 54170 | Vaults:1 | Found a glowing golden altar of the Shining One.
 54177 | Desolati | Entered the Desolation of Salt
 54334 | Desolati | Identified the +4 glaive "Itrahinae" {protect, Will+ Str+3}
 54969 | Desolati | Identified the +6 falchion of Hifawn {heavy, rC+ Str+2}
 54969 | Desolati | Identified the ring of Toczim {Will+ Str+3 Int+3 Slay+3
                  | SInv}
 54981 | Desolati | Reached XP level 21. HP: 96/105 MP: 30/38
 55085 | Desolati | Identified the ring "Baoson" {rC+ Dex+6 Stlth+}
 55155 | Desolati | Identified the ring "Uptoecve" {rPois EV+5 Int+8 Dex-4}
 55202 | Desolati | Identified the +4 rapier "Undertaker" {drain, Dex+2 Stlth+}
 55239 | Desolati | Reached skill level 15 in Shapeshifting
 55365 | Desolati | Identified the amulet of Yendor {Regen+ Slay+3}
 55876 | Desolati | Got the Verses on Compounds
 55879 | Desolati | Identified the amulet "Ukajinihe" {Reflect Str+3 Dex+5
                  | SH+5}
 56251 | Vaults:1 | Identified the ring of Jealousy {Fly Str+3 Int+3 Dex+5
                  | Slay+2 Stlth-}
 56294 | Vaults:1 | Reached skill level 10 in Invocations
 57479 | Vaults:2 | Identified a scroll of acquirement
 57488 | Vaults:2 | Acquired 1296 gold pieces
 57817 | Vaults:2 | Identified the +5 ring mail of Foolhardiness {rC++}
 57862 | Vaults:3 | Reached XP level 22. HP: 109/109 MP: 40/40
 57886 | Vaults:3 | Identified the +4 robe of Prudence {Int+6 Dex+3}
 57886 | Vaults:3 | Noticed Boris
 58144 | Vaults:3 | Killed Boris
 58223 | Vaults:3 | Found a staircase to the Crypt.
 58223 | Vaults:3 | Found an ancient bone altar of Kikubaaqudgha.
 58224 | Vaults:3 | Found a basalt altar of Yredelemnul.
 58870 | Vaults:3 | Reached skill level 10 in Dodging
 59159 | Vaults:4 | Found Kafiul's Antique Weapon Boutique.
 59165 | Vaults:4 | Bought a smoking short sword for 368 gold pieces
 59165 | Vaults:4 | Identified the +6 short sword of Beyond {heavy, rN++} (You
                  | bought it in a shop on level 4 of the Vaults)
 59995 | Vaults:4 | Found Kerah's Armour Shoppe.
 60534 | Snake:4  | Killed Bai Suzhen
 60778 | Snake:4  | Got a serpentine rune of Zot
 61267 | Depths:1 | Entered Level 1 of the Depths
 61361 | Depths:1 | Found a one-way gateway to a ziggurat.
 61769 | Depths:1 | Reached skill level 1 in Unarmed Combat
 61775 | Depths:1 | Reached skill level 2 in Unarmed Combat
 61781 | Depths:1 | Reached skill level 3 in Unarmed Combat
 61862 | Depths:1 | Reached skill level 4 in Unarmed Combat
 61871 | Depths:1 | Found a runed translucent door.
 61872 | Depths:1 | Noticed Kuligiro's ghost (veteran DsWn)
 62094 | Depths:1 | Reached skill level 5 in Unarmed Combat
 62094 | Depths:1 | Reached XP level 23. HP: 114/114 MP: 42/42
 62166 | Depths:1 | Found a gateway to Hell.
 62318 | Depths:1 | Reached skill level 6 in Unarmed Combat
 62328 | Depths:1 | Identified the +2 cloak of Joy {*Corrode rPois Dex+6}
 62331 | Depths:1 | Identified the +6 flail "Doituh" {flame, rF+}
 62563 | Depths:2 | Noticed Saint Roka
 62572 | Depths:1 | Killed Saint Roka
 62592 | Depths:2 | Reached skill level 7 in Unarmed Combat
 62687 | Depths:2 | Noticed Nikola
 62700 | Depths:2 | Killed Nikola
 62701 | Depths:2 | Reached skill level 8 in Unarmed Combat
 62708 | Depths:2 | Identified the +0 kite shield of Hevi {Harm +Blink rCorr
                  | MP-9}
 62708 | Depths:2 | Noticed Asterion
 62863 | Depths:2 | Reached skill level 9 in Unarmed Combat
 62898 | Depths:2 | Noticed a caustic shrike
 62918 | Depths:2 | Killed Asterion
 62938 | Depths:2 | Killed a caustic shrike
 63004 | Depths:2 | Reached skill level 10 in Unarmed Combat
 63080 | Depths:2 | Noticed a golden dragon
 63084 | Depths:2 | Killed a golden dragon
 63172 | Depths:2 | Noticed a caustic shrike
 63207 | Depths:2 | Killed a caustic shrike
 63208 | Depths:2 | Reached skill level 10 in Fighting
 63287 | Depths:2 | Reached skill level 11 in Unarmed Combat
 63347 | Depths:2 | Identified the +3 ring mail of Hide-and-Seek {MP-9 Str+8
                  | Dex+3 Slay-3}
 63458 | Depths:2 | Found a one-way gate leading to the halls of Pandemonium.
 63739 | Depths:3 | Found a one-way gate to the infinite horrors of the Abyss.
 63746 | Depths:3 | Reached skill level 12 in Unarmed Combat
 63797 | Depths:3 | Identified the +3 robe of Tartarus {rF++ rN+}
 63797 | Depths:3 | Noticed Boris
 63808 | Depths:3 | Killed Boris
 63939 | Depths:3 | Noticed Sojobo
 63947 | Depths:3 | Killed Sojobo
 63948 | Depths:3 | Reached skill level 13 in Unarmed Combat
 63987 | Depths:3 | Noticed Parghit
 63991 | Depths:3 | Reached XP level 24. HP: 120/120 MP: 27/42
 64142 | Depths:3 | Reached skill level 14 in Unarmed Combat
 64144 | Depths:3 | Noticed a caustic shrike
 64146 | Depths:3 | Killed a caustic shrike
 64150 | Depths:3 | Killed Parghit
 64369 | Depths:3 | Noticed Norris
 64383 | Depths:3 | Reached skill level 15 in Unarmed Combat
 64399 | Depths:3 | Killed Norris
 65169 | Depths:3 | Noticed Pohotif's ghost (adept MiFi)
 65229 | Depths:3 | Found a runed translucent door.
 65475 | Depths:3 | Killed Pohotif's ghost
 65510 | Depths:4 | Entered Level 4 of the Depths
 65838 | Depths:4 | Found a gate to the Realm of Zot.
 65855 | Depths:4 | Reached skill level 16 in Unarmed Combat
 66570 | Vaults:5 | Entered Level 5 of the Vaults
 66571 | Vaults:5 | Noticed a dread lich
 66572 | Vaults:5 | Reached XP level 25. HP: 128/128 MP: 42/42
 66613 | Vaults:5 | Identified the +4 robe of Resourcefulness {Archmagi}
 66613 | Vaults:5 | Noticed Boris
 66622 | Vaults:5 | Killed Boris
 66655 | Vaults:5 | Killed a dread lich
 66812 | Vaults:5 | Reached skill level 17 in Unarmed Combat
 66887 | Vaults:5 | Identified the +2 war axe of Fynilij {antimagic, Fly rElec
                  | SInv Stlth-}
 66958 | Vaults:5 | Identified the +0 orcbow "Giantslayer" {flame, rF+++ MP+9
                  | Str+3}
 66997 | Vaults:5 | Got a silver rune of Zot
 67096 | Vaults:5 | Noticed a dread lich
 67104 | Vaults:5 | Killed a dread lich
 67179 | Vaults:5 | Reached skill level 18 in Unarmed Combat
 67202 | Vaults:5 | Noticed a dread lich
 67215 | Vaults:5 | Killed a dread lich
 67216 | Vaults:5 | Reached skill level 15 in Dodging
 67238 | Vaults:5 | Identified the +1 leather armour "Vaxel" {Str+4}
 67248 | Vaults:5 | Identified the +0 plate armour "Neujudy" {+Blink Regen+}
 67514 | Vaults:5 | Identified the +4 chain mail of Leaves {Regen+ Dex+2}
 67618 | Vaults:5 | Acquired the +0 pair of gloves of Grace {Fly rElec rF+
                  | Str+6}
 67619 | Vaults:5 | Acquired 636 gold pieces
 67620 | Vaults:5 | Acquired 857 gold pieces
 68181 | Zot:1    | Entered Level 1 of the Realm of Zot
 68372 | Zot:2    | Reached XP level 26. HP: 133/133 MP: 42/42
 68558 | Zot:2    | Identified the +6 scale mail of the Depths {Harm Str+6
                  | Dex-5}
 69215 | Zot:3    | Learned a level 4 spell: Passage of Golubria
 69251 | Zot:3    | Noticed an orb of fire
 69253 | Zot:3    | Gained mutation: You occasionally lose the ability to drink
                  | potions when taking damage. [an orb of fire]
 69263 | Zot:3    | Killed an orb of fire
 69276 | Zot:5    | Entered Level 5 of the Realm of Zot
 69504 | Zot:5    | Reached skill level 15 in Spellcasting
 69510 | Zot:5    | Noticed a dread lich
 69511 | Zot:5    | Noticed an orb of fire
 69516 | Zot:5    | Killed a dread lich
 69520 | Zot:5    | Gained mutation: Your magical capacity is low. (-10% MP)
                  | [an orb of fire]
 69525 | Zot:5    | Killed an orb of fire
 69525 | Zot:5    | Noticed an orb of fire
 69526 | Zot:5    | Gained mutation: You sometimes lose your temper in combat.
                  | [an orb of fire]
 69528 | Zot:5    | Lost mutation: You occasionally lose the ability to drink
                  | potions when taking damage. [potion of mutation]
 69528 | Zot:5    | Lost mutation: You sometimes lose your temper in combat.
                  | [potion of mutation]
 69528 | Zot:5    | Lost mutation: Your magical capacity is low. (-10% MP)
                  | [potion of mutation]
 69528 | Zot:5    | Gained mutation: You are agile. (Dex +4, Str/Int -1)
                  | [potion of mutation]
 69528 | Zot:5    | Gained mutation: You are partially covered in iridescent
                  | scales. (AC +2) [potion of mutation]
 69528 | Zot:5    | Gained mutation: Your health recovers twice as slowly from
                  | being drained. [an orb of fire]
 69533 | Zot:5    | Gained mutation: You are frail. (-10% HP) [an orb of fire]
 69534 | Zot:5    | Killed an orb of fire
 69534 | Zot:5    | Noticed an orb of fire
 69534 | Zot:5    | Gained mutation: You are dopey. (Int -2) [an orb of fire]
 69542 | Zot:5    | Killed an orb of fire
 69549 | Zot:5    | Reached skill level 19 in Unarmed Combat
 69552 | Zot:5    | Noticed a Killer Klown
 69552 | Zot:5    | Noticed a Killer Klown
 69554 | Zot:5    | Noticed a Killer Klown
 69557 | Zot:5    | Killed a Killer Klown
 69559 | Zot:5    | Noticed a Killer Klown
 69568 | Zot:5    | Killed a Killer Klown
 69573 | Zot:5    | Killed a Killer Klown
 69582 | Zot:5    | Killed a Killer Klown
 69586 | Zot:5    | Noticed a Killer Klown
 69587 | Zot:5    | Killed a Killer Klown
 69592 | Zot:5    | Noticed a Killer Klown
 69592 | Zot:5    | Noticed a Killer Klown
 69600 | Zot:5    | Killed a Killer Klown
 69606 | Zot:5    | Killed a Killer Klown
 69701 | Zot:5    | Noticed an ancient lich
 69706 | Zot:5    | Killed an ancient lich
 69748 | Zot:5    | Reached skill level 20 in Unarmed Combat
 70039 | Zot:5    | Got the Orb of Zot
 70073 | Zot:2    | Noticed Zies Atu the pandemonium lord
 70081 | Zot:2    | Killed Zies Atu the pandemonium lord
 70176 | Depths:3 | Noticed Inumak the pandemonium lord
 70177 | Depths:3 | Reached XP level 27. HP: 123/123 MP: 44/44
 70380 | D:11     | Noticed Yce Xucvoffu the pandemonium lord
 70383 | D:11     | Killed Yce Xucvoffu the pandemonium lord
 70384 | D:11     | Reached skill level 21 in Unarmed Combat
 70549 | D:$      | Escaped with the Orb!

Illustrated notes

Levels and vault maps discovered:
D:1:      scummos_arrival_checkerplants, layout_loops_ring
D:2:      layout_rooms, kennysheep_jessica_study
D:3:      layout_rooms, kennysheep_small_spiral
D:4:      layout_basic, mainiacjoe_overflow_brackets,
          minmay_temple_entry_junction, nicolae_zig_zag_zippers
D:5:      layout_rooms
D:6:      layout_basic, nicolae_overflow_hidden_temple, serial_glass,
          glass_columns_c, glass_columns_a, serial_shops,
          nicolae_shop_back_alley_shop
D:7:      layout_loops_ring, ashenzari_conservatory_becter,
          nicolae_shop_i_like_small_books_too
D:8:      layout_layer_cave, kennysheep_generic_room_6, uniq_grum
D:9:      layout_loops_ring, mainiacjoe_overflow_cross_hatched, orc_0_dummy,
          minivault_25
D:10:     gammafunk_cloud_chamber, layout_loops_ring,
          nicolae_kite_square_tiling_tiny, grunt_ministairs_12, wad_scary_box
D:11:     layout_layer_cave, hellmonk_lair_entry_icy, minivault_25_ag,
          st_stairs_8, nicolae_shop_sticking_my_neck_out
D:12:     layout_basic, serial_ice, serial_ice_f, serial_ice_j, serial_ice_g,
          serial_ice_a, serial_ice_c, centaur_isle
D:13:     layout_grid_maze, minmay_more_statues
D:14:     minmay_opposing_rooms, layout_loops_ring, erik_vaults_1,
          chequers_big_river
D:15:     hangedman_depths_entry_civil_slaughter, layout_basic,
          serial_park_tiny_1, uniq_louise
Temple:   compressed_dpeg_circular_temple
Lair:1:   layout_concentric_octagons, grunt_megastairs_2
Lair:2:   layout_small_grid, elwin_shoals_entry_stream,
          minmay_snake_entry_spellcaster, gauntlet_entry_generic, basic_altar,
          uniq_urug
Lair:3:   layout_chaotic_city, grunt_megastairs_4, uniq_gastronok
Lair:4:   layout_loops_ring, nicolae_slime_entry_field_trip,
          lemuel_fruit_fields, grunt_megastairs_3, serial_bayou_shore_b,
          uniq_josephine
Lair:5:   evilmike_catoblepas_cave, layout_layer_cave,
          lightli_volcano_entry_magma_tube, pond
Shoals:1: layout_shoals, serial_shops, nicolae_shop_crystal,
          lemuel_centaur_altar, uniq_roxanne
Shoals:2: layout_shoals, uniq_ilsuiw
Shoals:3: layout_shoals
Shoals:4: shoals_end_hellmonk_holy_island
Snake:1:  hangedman_cross_stitches, layout_misc_corridors, serial_shops, shop,
          uniq_mlioglotl, uniq_agnes
Snake:2:  layout_basic, serial_shops, nicolae_square_shop, lemuel_fruit_tree,
          serial_bayou_shore_b
Snake:3:  layout_grid_maze, basic_altar, ebering_ghost_gozag,
          serial_bayou_shore_b
Snake:4:  minmay_snake_end_coiled, layout_cave_town, uniq_aizul, uniq_bai_suzhen
Orc:1:    layout_diamond_mine, basic_altar, special_room [special_room_orc],
          mines2_lemuel
Orc:2:    st_orc_rangers, layout_caves, serial_shops, shop,
          nicolae_orc_tapped_out, uniq_rupert, uniq_maurice
Elf:1:    minmay_elf_arrival_circle, layout_loops_corners, basic_altar,
          minmay_elf_sorcery, serial_sigils_hangedman_carve
Elf:2:    nicolae_elf_blades_crystal_corner, layout_loops_corners,
          portal_ice_cave_entry_ice_statue_one
Elf:3:    nooodl_elf_gasket, layout_geoelf_octagon,
          ebering_ghost_reflecting_pool, serial_shops,
          nicolae_shop_tiny_real_fake_doors
Vaults:1: portal_desolation_entry_holy_temple, vaults_room_grunt_arrival_ludios,
          hangedman_vaults_maws, layout_vaults_chaotic_city
Vaults:2: hangedman_vaults_stitches, nicolae_vaults_big_ls,
          nicolae_vaults_swerve, hangedman_vaults_river_flow,
          nicolae_vaults_disjoint_gnomons, vaults_room_corners,
          nicolae_vaults_mitosis, nicolae_vaults_tetromino_Z_1,
          vaults_room_pool, layout_vaults_maze_bifur
Vaults:3: nicolae_vaults_circle_grid_b, nicolae_vaults_diffraction_hallways,
          minmay_crypt_entry_necro_gods, v_pattern_2, v_misc_2,
          vaults_dpeg_emergency_exit, grunt_vaults_diagonal,
          nicolae_vaults_house_3, nicolae_vaults_tetromino_L_1,
          layout_vaults_omnibox, uniq_boris
Vaults:4: v_misc_3, nicolae_vaults_taking_the_gang_shopping,
          vaults_dpeg_diagonal, vaults_room_door_hall, v_misc_29,
          nicolae_vaults_trapezoid_lopsided_2, layout_vaults_omnigrid,
          serial_shops, nicolae_shop_just_a_little_nook
Vaults:5
Depths:1: layout_honeycomb, enter_ziggurat_e, gammafunk_ghost_grave,
          grunt_hell_entry_dis_mu, kennysheep_underground_church,
          grunt_megastairs_5
Depths:2: minmay_central_circle, layout_gridlike, rand_demon_pan_entry_7,
          hell_entry, skrybe_limestone_x, uniq_saint_roka, uniq_asterion,
          uniq_nikola
Depths:3: nicolae_fronds_of_death, layout_basic, hellmonk_ghost_big_iron,
          lightli_too_deep, infiniplex_staircase_star, abyss_entry, uniq_norris,
          uniq_parghit, uniq_sojobo
Depths:4: grunt_crosshair, layout_honeycomb, hangedman_coc_ice_floe,
          rand_demon_pan_entry_3, minmay_misc_feat_alley
Zot:1:    dreamdust_zin_vs_xom, layout_cathedral_of_symmetry
Zot:2:    layout_twisted_circle, regret_index_zotdec_wing_it, uniq_josephina
Zot:3:    layout_basic, lemuel_elevator
Zot:4:    layout_gridlike, regret_index_zotdec_magical_s,
          hangedman_hellfire_club
Zot:5:    layout_cellular_growth

Skill      XL: |  1  2  3  4  5  6  7  8  9 10 11 12 13 14 15 16 17 18 19 20 21 22 23 24 25 26 27 |
---------------+----------------------------------------------------------------------------------+-----
Stealth        | 3 4 8 10 | 10.0
Spellcasting   | 3 4 5 8 9 12 13 14 16 | 16.0
Fire Magic     | 4 6 9 13 17 18 | 18.0
Hexes          | 1 2 |  2.0
Conjurations   | 3 4 6 7 8 |  8.0
Alchemy        | 1 4 5 6 |  6.0
Fighting       | 1 2 3 5 7 8 9 10 11 12 | 12.0
Evocations     | 2 3 6 |  6.0
Dodging        | 6 7 8 9 12 13 15 | 15.0
Invocations    | 6 8 9 11 12 | 12.0
Armour         | 1 6 |  6.0
Earth Magic    | 3 8 |  8.0
Short Blades   | 4 5 6 |  6.0
Translocations | 4 |  4.0
Shields        | 4 10 12 | 12.0
Shapeshifting  | 6 9 14 16 | 16.0
Air Magic      | 5 |  5.0
Unarmed Combat | 5 13 16 18 20 21 | 21.1

Action                     |  1- 3 |  4- 6 |  7- 9 | 10-12 | 13-15 | 16-18 | 19-21 | 22-24 | 25-27 || total
---------------------------+-------+-------+-------+-------+-------+-------+-------+-------+-------++-------
  Melee: Dagger            |       |       |       |     7 |    11 |   281 |  1248 |   501 |       ||  2048
         Bite              |       |       |       |     5 |     4 |   151 |   727 |   577 |   266 ||  1730
         Staff             |       |       |       |       |     1 |       |       |       |       ||     1
         Unarmed           |       |       |       |       |       |       |       |   465 |   508 ||   973
  Throw: Dart              |       |       |       |       |    18 |     1 |       |       |       ||    19
   Cast: Foxfire           |    63 |    88 |   117 |   192 |   383 |   481 |    14 |       |       ||  1338
         Scorch            |     4 |    12 |    55 |   120 |    21 |     2 |       |       |       ||   214
         Inner Flame       |       |     1 |    13 |     3 |    42 |    59 |       |       |       ||   118
         Flame Wave        |       |       |     3 |    16 |     5 |     3 |       |       |       ||    27
         Apportation       |       |       |       |    10 |    18 |     7 |     2 |       |       ||    37
         Irradiate         |       |       |       |    41 |    83 |    93 |   149 |    39 |     8 ||   413
         Stone Arrow       |       |       |       |    12 |   338 |   453 |    29 |       |       ||   832
         Starburst         |       |       |       |       |       |     5 |     9 |       |       ||    14
         Blink             |       |       |       |       |       |     1 |     2 |       |       ||     3
         Ignition          |       |       |       |       |       |    19 |     9 |    22 |    12 ||    62
         Lesser Beckoning  |       |       |       |       |       |    11 |   116 |    37 |    40 ||   204
         Lee's Rapid Decon |       |       |       |       |       |       |    96 |    11 |     1 ||   108
         Vhi's Electric Ch |       |       |       |       |       |       |    45 |    72 |    40 ||   157
         Bombard           |       |       |       |       |       |       |     1 |       |       ||     1
         Passage of Golubr |       |       |       |       |       |       |       |       |     4 ||     4
 Invoke: Slouch            |       |       |       |     4 |    15 |    10 |    12 |    13 |    17 ||    71
         Temporal Distorti |       |       |       |       |     3 |       |       |       |     1 ||     4
         Step From Time    |       |       |       |       |       |     2 |       |       |     1 ||     3
Ability: Begin Untransform |       |       |       |       |       |       |     1 |       |       ||     1
  Evoke: Wand              |       |       |     3 |    11 |    31 |    23 |     3 |       |     4 ||    75
         Phial of floods   |       |       |       |       |       |     1 |     1 |     1 |       ||     3
         Lightning rod     |       |       |       |       |       |       |     8 |     7 |       ||    15
         Box of beasts     |       |       |       |       |       |       |     1 |     2 |     1 ||     4
         Phantom mirror    |       |       |       |       |       |       |       |     1 |     1 ||     2
    Use: Potion            |     1 |       |       |       |     3 |     8 |     4 |     1 |     8 ||    25
         Scroll            |       |     5 |     7 |    12 |    14 |    12 |    13 |     8 |    14 ||    85
   Stab: Sleeping          |       |       |       |       |       |     2 |     3 |     6 |       ||    11
         Distracted        |       |       |       |       |       |     1 |     3 |     3 |     2 ||     9
 Armour: Robe              |     6 |     1 |    21 |       |       |       |       |       |       ||    28
         Steam dragon scal |       |       |     9 |   110 |   137 |   331 |   342 |       |       ||   929
         Skin              |       |       |       |       |       |       |   141 |   436 |   210 ||   787
  Dodge: Dodged            |     6 |       |    22 |    97 |   276 |   482 |   590 |   744 |   263 ||  2480
         Repelled          |       |       |       |       |    29 |   112 |    59 |    59 |    22 ||   281
  Block: Other             |       |       |       |    17 |    30 |       |       |       |       ||    47
         Reflection        |       |       |       |     1 |     3 |       |       |       |       ||     4
         Kite shield       |       |       |       |       |       |   137 |   967 |  1161 |   483 ||  2748
   Form: Statue            |       |       |       |       |       |       |     2 |       |       ||     2

Table legend: (Time is in decaauts)
 A = Elapsed time spent in this place.
 B = Non-inter-level travel time spent in this place.
 C = Inter-level travel time spent in this place.
 D = Time resting spent in this place.
 E = Time spent auto-exploring this place.
 F = Levels seen in this place.
 G = Mean time per level.
                   A        B        C        D        E       F      G
               +--------+--------+--------+--------+--------+-----+--------+
         Total | 115959 |  97137 |  18822 |  13855 |  58421 |  51 | 2273.7 |
       Dungeon |  31857 |  24484 |   7373 |   4996 |  12472 |  15 | 2123.8 |
        Temple |    105 |     16 |     89 |      0 |      0 |   1 |  105.0 |
          Lair |  16605 |  13602 |   3003 |   4476 |   5462 |   5 | 3321.0 |
        Shoals |   7800 |   7415 |    385 |    816 |   4818 |   4 | 1950.0 |
     Snake Pit |   9948 |   8797 |   1151 |    366 |   5825 |   4 | 2487.0 |
  Orcish Mines |   3608 |   2554 |   1054 |    137 |   1734 |   2 | 1804.0 |
   Elven Halls |   9130 |   7821 |   1309 |   1214 |   4772 |   3 | 3043.3 |
        Vaults |  15720 |  13641 |   2079 |    421 |  10736 |   5 | 3144.0 |
        Depths |  12576 |  10548 |   2028 |    310 |   8052 |   4 | 3144.0 |
           Zot |   4693 |   4346 |    347 |    203 |   3319 |   5 |  938.6 |
      Ice Cave |   1083 |   1083 |      0 |    134 |    348 |   1 | 1083.0 |
    Desolation |   2426 |   2426 |      0 |    778 |    641 |   1 | 2426.0 |
      Gauntlet |    402 |    402 |      0 |      0 |    237 |   1 |  402.0 |
               +--------+--------+--------+--------+--------+-----+--------+

Top non-repeatable levels by time:
  Lair:5: 5144 daAuts
   Elf:3: 4283 daAuts
  Lair:2: 4252 daAuts
Depths:1: 4125 daAuts
    D:11: 3910 daAuts
Vaults:1: 3764 daAuts
    D:12: 3716 daAuts
Vaults:5: 3241 daAuts
Depths:3: 3241 daAuts
    D:10: 3238 daAuts
Vaults:3: 3237 daAuts
Depths:2: 3194 daAuts
  Lair:4: 3102 daAuts
Vaults:4: 2963 daAuts
    D:13: 2864 daAuts
